 Dungeon Crawl Stone Soup version 0.26-a0-969-g2c58977ddd (webtiles) character file.

Game seed: 164648053501436797

9218 Gargoyl the Fighter (level 11, -2/109 HPs)
             Began as a Gnoll Abyssal Knight on Dec 4, 2020.
             Was a High Priest of Lugonu.
             Slain by a fire elemental (3 damage)
             ... summoned by a deep elf mage
             ... on level 10 of the Dungeon.
             The game lasted 00:22:38 (15685 turns).

Gargoyl the Fighter (Gnoll Abyssal Knight)         Turns: 15685, Time: 00:22:40

Health: -2/109     AC: 14    Str: 20 (23) XL:     11   Next: 43%
Magic:  8/20       EV:  9    Int: 15 (17) God:    Lugonu [*****.]
Gold:   330        SH: 10    Dex: 14 (15) Spells: 22/22 levels left

rFire    + . .     SeeInvis .   I - +3 hand axe (freeze)
rCold    + . .     Faith    .   s - +0 kite shield
rNeg     . . .     Spirit   .   g - +0 chain mail
rPois    .         Reflect  .   (no helmet)
rElec    .         Harm     .   q - scarf {rC+ rF+}
rCorr    .         Rampage  .   (no gloves)
MR       +....                  x - +1 pair of boots
Stlth    ..........             (no amulet)
HPRegen  0.28/turn              h - +6 ring of strength
MPRegen  0.17/turn              u - ring of Fomnatat {+Blink MR+ Int+2}

@: no status effects
A: distributed training, fangs 1, rugged brown scales 1, robust 2, strong nose
a: Depart the Abyss, Bend Space, Banish, Corrupt, Enter the Abyss, Renounce
Religion, Evoke Blink


You were on level 10 of the Dungeon.
You worshipped Lugonu.
Lugonu was extremely pleased with you.
You visited 1 branch of the dungeon, and saw 10 of its levels.
You visited the Abyss 1 time.

You collected 594 gold pieces.
You spent 264 gold pieces at shops.

Inventory:

Hand Weapons
 a - a +3 hand axe
 r - a +0 scimitar of flaming
 I - a +3 hand axe of freezing (weapon)
Missiles
 i - 34 poisoned darts (quivered)
 p - 5 curare-tipped darts
Armour
 g - a +0 chain mail (worn)
 q - a scarf of resistance (worn)
 s - a +0 kite shield (worn)
 x - a +1 pair of boots (worn)
Jewellery
 h - a +6 ring of strength (left hand)
 u - the ring of Fomnatat (right hand) {+Blink MR+ Int+2}
   (You acquired it on level 9 of the Dungeon)

   [ring of protection from magic]

   It affects your intelligence (+2).
   It affects your resistance to hostile enchantments.
   It lets you blink.
Wands
 c - a wand of paralysis (10)
 d - a wand of polymorph (11)
 l - a wand of acid (11)
 v - a wand of flame (21)
 y - a wand of iceblast (11)
 F - a wand of enslavement (5)
Scrolls
 b - 3 scrolls of identify
 f - 3 scrolls of blinking
 j - 2 scrolls of remove curse
 t - a scroll of fear
Potions
 e - a potion of cancellation
 k - 2 potions of resistance
 m - a potion of lignification
 n - 3 potions of haste
 A - 6 potions of heal wounds
 B - 5 potions of curing
 G - a potion of magic


   Skills:
 + Level 9.2 Fighting
 + Level 6.3 Short Blades
 + Level 6.3 Long Blades
 + Level 7.9 Axes
 + Level 6.3 Maces & Flails
 + Level 6.3 Polearms
 + Level 6.3 Staves
 + Level 6.3 Slings
 + Level 6.3 Bows
 + Level 6.3 Crossbows
 + Level 6.3 Throwing
 + Level 7.9 Armour
 + Level 6.8 Dodging
 + Level 6.3 Stealth
 + Level 6.3 Shields
 + Level 6.3 Unarmed Combat
 + Level 6.3 Spellcasting
 + Level 5.2 Conjurations
 + Level 5.2 Hexes
 + Level 5.2 Summonings
 + Level 5.2 Necromancy
 + Level 5.2 Translocations
 + Level 5.2 Transmutations
 + Level 5.2 Fire Magic
 + Level 5.2 Ice Magic
 + Level 5.2 Air Magic
 + Level 5.2 Earth Magic
 + Level 5.2 Poison Magic
 + Level 8.4 Invocations
 + Level 6.3 Evocations


You had 22 spell levels left.
You didn't know any spells.
Your spell library contained the following spells:

 Spells                   Type           Power        Failure   Level
 Magic Dart               Conj           ###.         38%         1
 Blink                    Tloc           N/A          54%         2
 Call Imp                 Summ           ###.....     54%         2
 Slow                     Hex            ###.....     54%         2
 Conjure Flame            Conj/Fire      ###.....     77%         3
 Mephitic Cloud           Conj/Pois/Air  ###.....     77%         3


Dungeon Overview and Level Annotations

Branches:
Dungeon (10/15)            Temple (0/1) D:4            Lair (0/6) D:9
    Orc: D:9-12

Altars:
The Shining One

Shops:
D:7 !

Annotations:
D:10 Snorg


Innate Abilities, Weirdness & Mutations

Your experience applies equally to all skills.
You have very sharp teeth.
Your uncanny sense of smell can sniff out nearby items.
You are partially covered in rugged brown scales. (AC +1, +3% HP)
You are very robust. (+20% HP)


Message History

The fire elemental hits you. The fire elemental burns you! You resist.
* * * LOW HITPOINT WARNING * * *
The deep elf mage gestures at you while chanting.
The bolt of fire hits you! You resist.
* * * LOW HITPOINT WARNING * * *
The bolt of fire hits the fire elemental.
The fire elemental completely resists.
Press: ? - help, Shift-Dir - straight line, f - deep elf mage, p - fire elemental
Aim: a deep elf mage, wielding a +0 long sword (severely wounded, chance to defeat MR: 73%)
The deep elf mage struggles to resist.
The fire elemental misses you. The fire elemental hits you.
The fire elemental burns you! You resist.
* * * LOW HITPOINT WARNING * * *
The deep elf mage casts a spell.
Press: ? - help, Shift-Dir - straight line, f/p - deep elf mage
Aim: a deep elf mage, wielding a +0 long sword (severely wounded, chance to defeat MR: 73%)
The deep elf mage struggles to resist.
You block the fire elemental's attack. The fire elemental hits you.
The fire elemental burns you! You resist.
* * * LOW HITPOINT WARNING * * *
The fire elemental hits you. The fire elemental burns you! You resist.
You die...

#...#.#...##.#.# ##..#####+#...
#.##...##.###.#∆ #........####
#.##...##.#eE# #............
#....#....#)J ∆#.......[....
#####.###############............
.........................[.......
#................................
#.....####.....E...#..>..........
#...### #.....E@..#.............
#...# #......Ee.#.............
#...# #.....☼.(.########...#+#
#...# #.....)))........#...#..
#...# #......#####.....#####..
#...# #....(.# #............
#...# #......# #.##########.
#...######......# #.#........#.
#...............# #.#'#......#.


You could see a deep elf mage and 3 fire elementals.

Vanquished Creatures
  A two-headed ogre (D:8)
  A komodo dragon (D:9)
  An efreet (D:10)
  2 trolls
  Sigmund (D:3)
  A wyvern (D:9)
  A wraith (D:10)
  2 basilisks (D:9)
  A steam dragon (D:10)
  Grum (D:10)
  A floating eye (shapeshifter) (D:10)
  5 orc warriors
  4 phantoms
  4 ogres
  A black bear (D:10)
  A sky beast (D:6)
  A necrophage (D:10)
  3 wolves (D:10)
  3 centaurs
  A gnoll sergeant (D:6)
  5 bullfrogs
  A wyvern zombie (D:7)
  A wyvern skeleton (D:10)
  2 scorpions
  14 killer bees
  13 wights
  5 howler monkeys
  6 hounds
  4 bullfrog skeletons
  A centaur zombie (D:8)
  3 jellies
  2 quasits
  10 orc priests
  Crazy Yiuf (D:3)
  An iguana (D:3)
  2 centaur skeletons (D:9)
  Ijyb (D:5)
  Natasha (twice) (D:3)
  26 orc wizards
  6 worker ants
  2 hound skeletons
  A worker ant zombie (D:5)
  5 gnolls (D:6)
  18 adders
  5 shadow imps
  A white imp (D:5)
  3 ufetubi
  An adder zombie (D:6)
  2 adder skeletons (D:4)
  6 dart slugs
  3 leopard geckos
  43 orcs
  A giant cockroach (D:1)
  8 goblins
  8 hobgoblins
  11 jackals
  3 quokkas
  3 ball pythons
  6 bats
  8 frilled lizards
  A goblin skeleton (D:7)
  3 goblin zombies (D:7)
  9 kobolds
  2 kobold skeletons (D:7)
  2 orc skeletons (D:7)
  An orc zombie (D:7)
  A quokka zombie (D:5)
  7 rats
306 creatures vanquished.

Vanquished Creatures (others)
  2 jellies (D:5)
  2 fungi (D:3)
4 creatures vanquished.

Grand Total: 310 creatures vanquished

Notes
Turn   | Place    | Note
-------+----------+-------------------------------------------
     0 | Abyss:1  | Gargoyl the Gnoll Abyssal Knight began the quest for the
                  | Orb.
     0 | Abyss:1  | Reached XP level 1. HP: 23/23 MP: 3/3
    91 | Abyss:3  | Noticed a thrashing horror
    91 | Abyss:3  | Noticed a thrashing horror
    91 | D:1      | Escaped the Abyss
   262 | D:1      | Reached XP level 2. HP: 29/29 MP: 5/5
   291 | D:1      | Reached * piety under Lugonu
   497 | D:1      | Reached XP level 3. HP: 35/35 MP: 6/6
   937 | D:1      | Gained mutation: You have sharp fingernails. [potion of
                  | mutation]
   937 | D:1      | Gained mutation: Your system is resistant to poisons.
                  | (rPois) [potion of mutation]
  1306 | D:2      | Reached skill level 1 in Short Blades
  1306 | D:2      | Reached skill level 1 in Long Blades
  1306 | D:2      | Reached skill level 1 in Maces & Flails
  1306 | D:2      | Reached skill level 1 in Polearms
  1306 | D:2      | Reached skill level 1 in Staves
  1306 | D:2      | Reached skill level 1 in Slings
  1306 | D:2      | Reached skill level 1 in Bows
  1306 | D:2      | Reached skill level 1 in Crossbows
  1306 | D:2      | Reached skill level 1 in Throwing
  1306 | D:2      | Reached skill level 1 in Stealth
  1306 | D:2      | Reached skill level 1 in Shields
  1306 | D:2      | Reached skill level 1 in Unarmed Combat
  1306 | D:2      | Reached skill level 1 in Spellcasting
  1306 | D:2      | Reached skill level 1 in Evocations
  1400 | D:2      | Reached XP level 4. HP: 33/41 MP: 7/7
  1739 | D:3      | Reached ** piety under Lugonu
  1741 | D:3      | Reached skill level 1 in Conjurations
  1741 | D:3      | Reached skill level 1 in Hexes
  1741 | D:3      | Reached skill level 1 in Summonings
  1741 | D:3      | Reached skill level 1 in Necromancy
  1741 | D:3      | Reached skill level 1 in Translocations
  1741 | D:3      | Reached skill level 1 in Transmutations
  1741 | D:3      | Reached skill level 1 in Fire Magic
  1741 | D:3      | Reached skill level 1 in Ice Magic
  1741 | D:3      | Reached skill level 1 in Air Magic
  1741 | D:3      | Reached skill level 1 in Earth Magic
  1741 | D:3      | Reached skill level 1 in Poison Magic
  1770 | D:3      | Noticed Sigmund
  1784 | D:3      | HP: 2/41 [Sigmund/+0 scythe (7)]
  1789 | D:3      | Killed Sigmund
  1790 | D:3      | Reached skill level 5 in Invocations
  1790 | D:3      | Reached XP level 5. HP: 2/47 MP: 8/8
  1790 | D:3      | Reached XP level 6. HP: 3/53 MP: 9/9
  2340 | D:3      | Noticed Natasha
  2351 | D:3      | Killed Natasha
  2352 | D:3      | Reached skill level 5 in Axes
  2352 | D:3      | Reached skill level 5 in Armour
  2555 | D:3      | Noticed Natasha
  2569 | D:3      | Killed Natasha
  3110 | D:3      | Found a runed translucent door.
  3111 | D:3      | Noticed Crazy Yiuf
  3122 | D:3      | Killed Crazy Yiuf
  3430 | D:4      | Noticed a phantom
  3443 | D:3      | Reached XP level 7. HP: 43/59 MP: 10/10
  3544 | D:3      | Reached *** piety under Lugonu
  3575 | D:4      | Reached skill level 7 in Fighting
  4332 | D:4      | Reached XP level 8. HP: 58/67 MP: 12/12
  4846 | D:4      | Found a staircase to the Ecumenical Temple.
  4900 | D:5      | Entered Level 5 of the Dungeon
  5123 | D:5      | Noticed Ijyb
  5126 | D:5      | Killed Ijyb
  5223 | D:5      | Reached **** piety under Lugonu
  5665 | D:6      | Reached XP level 9. HP: 62/72 MP: 14/14
  7011 | D:6      | Reached skill level 5 in Dodging
  7489 | D:7      | Found a glowing golden altar of the Shining One.
  7498 | D:7      | Reached ***** piety under Lugonu
  7508 | D:7      | Reached skill level 8 in Fighting
  7800 | D:7      | Found Banangyt's Distillery.
  7806 | D:7      | Bought a potion of heal wounds for 55 gold pieces
  7806 | D:7      | Bought a potion of heal wounds for 55 gold pieces
  7806 | D:7      | Bought a potion of curing for 33 gold pieces
  7806 | D:7      | Bought a potion of curing for 33 gold pieces
  7806 | D:7      | Bought a potion of mutation for 88 gold pieces
  7806 | D:7      | Lost mutation: Your system is resistant to poisons. (rPois)
                  | [potion of mutation]
  7806 | D:7      | Lost mutation: You have sharp fingernails. [potion of
                  | mutation]
  7806 | D:7      | Gained mutation: You are robust. (+10% HP) [potion of
                  | mutation]
  7806 | D:7      | Gained mutation: You are partially covered in rugged brown
                  | scales. (AC +1, +3% HP) [potion of mutation]
  7806 | D:7      | Gained mutation: You are very robust. (+20% HP) [potion of
                  | mutation]
  8796 | D:8      | HP: 4/91 [orc wizard/magic dart (4)]
  9159 | D:7      | Reached XP level 10. HP: 49/98 MP: 17/17
  9853 | D:8      | Noticed a two-headed ogre
  9863 | D:8      | Identified the cursed +1 dagger "Aroabb" {flame, Str+4}
  9878 | D:8      | Killed a two-headed ogre
  9879 | D:8      | Reached skill level 5 in Short Blades
  9879 | D:8      | Reached skill level 5 in Long Blades
  9879 | D:8      | Reached skill level 5 in Maces & Flails
  9879 | D:8      | Reached skill level 5 in Polearms
  9879 | D:8      | Reached skill level 5 in Staves
  9879 | D:8      | Reached skill level 5 in Slings
  9879 | D:8      | Reached skill level 5 in Bows
  9879 | D:8      | Reached skill level 5 in Crossbows
  9879 | D:8      | Reached skill level 5 in Throwing
  9879 | D:8      | Reached skill level 5 in Stealth
  9879 | D:8      | Reached skill level 5 in Shields
  9879 | D:8      | Reached skill level 5 in Unarmed Combat
  9879 | D:8      | Reached skill level 5 in Spellcasting
  9879 | D:8      | Reached skill level 5 in Evocations
 12333 | D:9      | Identified a scroll of acquirement
 12333 | D:9      | Acquired the ring of Fomnatat {+Blink MR+ Int+2}
 13411 | D:9      | Found a staircase to the Lair.
 13546 | D:10     | Entered Level 10 of the Dungeon
 13568 | D:10     | Noticed Grum
 13579 | D:10     | Reached XP level 11. HP: 104/107 MP: 19/19
 13593 | D:10     | Killed Grum
 14067 | D:10     | Reached skill level 9 in Fighting
 14174 | D:10     | Reached skill level 5 in Conjurations
 14174 | D:10     | Reached skill level 5 in Hexes
 14174 | D:10     | Reached skill level 5 in Summonings
 14174 | D:10     | Reached skill level 5 in Necromancy
 14174 | D:10     | Reached skill level 5 in Translocations
 14174 | D:10     | Reached skill level 5 in Transmutations
 14174 | D:10     | Reached skill level 5 in Fire Magic
 14174 | D:10     | Reached skill level 5 in Ice Magic
 14174 | D:10     | Reached skill level 5 in Air Magic
 14174 | D:10     | Reached skill level 5 in Earth Magic
 14174 | D:10     | Reached skill level 5 in Poison Magic
 15273 | D:10     | Noticed a mana viper
 15273 | D:10     | Noticed a death drake
 15273 | D:10     | a mana viper changed into a death drake
 15274 | D:10     | Noticed a mana viper
 15274 | D:10     | a death drake changed into a mana viper
 15277 | D:10     | Noticed a glowing shapeshifter
 15277 | D:10     | a mana viper changed into a glowing shapeshifter
 15278 | D:10     | a glowing shapeshifter changed into a water nymph
 15461 | D:10     | Noticed an eight-headed hydra
 15461 | D:10     | Noticed a deep elf mage
 15461 | D:10     | Noticed Snorg
 15520 | D:10     | Banished a nine-headed hydra
 15685 | D:10     | HP: 1/109 [fire elemental[a deep elf mage] (5)]
 15685 | D:10     | Slain by a fire elemental

Illustrated notes

Levels and vault maps discovered:
D:1:      minmay_arrival_floating_metal, layout_loops_ring
D:2:      layout_loops_ring, grunt_ministairs_1
D:3:      layout_rooms, uniq_sigmund, uniq_crazy_yiuf_cottage, uniq_natasha
D:4:      layout_rooms, minmay_temple_entry_nine_rooms
D:5:      layout_rooms, uniq_ijyb
D:6:      layout_gridville, minmay_misc_feat_plants, kennysheep_generic_room_12
D:7:      minmay_cornered_nines, layout_basic, nicolae_tso_besieged_by_evil,
          serial_shops, shop
D:8:      layout_rooms
D:9:      layout_loops_ring, erik_lair_dragon
D:10:     layout_irregular_city, minmay_the_grid_2x2 [minmay_the_grid_square_x,
          minmay_the_grid_mess, minmay_the_grid_eight,
          minmay_the_grid_prize_four_corners_diamond_b], uniq_grum, uniq_snorg

Skill      XL: |  1  2  3  4  5  6  7  8  9 10 11 |
---------------+----------------------------------+-----
Short Blades   | 1 2 3 4 5 6 |  6.3
Long Blades    | 1 2 3 4 5 6 |  6.3
Maces & Flails | 1 2 3 4 5 6 |  6.3
Polearms       | 1 2 3 4 5 6 |  6.3
Staves         | 1 2 3 4 5 6 |  6.3
Slings         | 1 2 3 4 5 6 |  6.3
Bows           | 1 2 3 4 5 6 |  6.3
Crossbows      | 1 2 3 4 5 6 |  6.3
Throwing       | 1 2 3 4 5 6 |  6.3
Stealth        | 1 2 3 4 5 6 |  6.3
Shields        | 1 2 3 4 5 6 |  6.3
Unarmed Combat | 1 2 3 4 5 6 |  6.3
Spellcasting   | 1 2 3 4 5 6 |  6.3
Evocations     | 1 2 3 4 5 6 |  6.3
Conjurations   | 1 2 3 4 5 |  5.2
Hexes          | 1 2 3 4 5 |  5.2
Summonings     | 1 2 3 4 5 |  5.2
Necromancy     | 1 2 3 4 5 |  5.2
Translocations | 1 2 3 4 5 |  5.2
Transmutations | 1 2 3 4 5 |  5.2
Fire Magic     | 1 2 3 4 5 |  5.2
Ice Magic      | 1 2 3 4 5 |  5.2
Air Magic      | 1 2 3 4 5 |  5.2
Earth Magic    | 1 2 3 4 5 |  5.2
Poison Magic   | 1 2 3 4 5 |  5.2
Dodging        | 3 4 5 6 |  6.8
Invocations    | 5 6 7 8 |  8.4
Axes           | 5 6 7 |  7.9
Armour         | 5 6 7 |  7.9
Fighting       | 7 8 9 |  9.2

Action                   |  1- 3 |  4- 6 |  7- 9 | 10-12 || total
-------------------------+-------+-------+-------+-------++-------
Melee: Hand axe          |   110 |   114 |   303 |   556 ||  1083
       Bite              |    10 |     6 |    69 |    71 ||   156
       Quarterstaff      |       |     5 |   221 |       ||   226
       Punch             |       |       |     8 |    12 ||    20
Throw: Dart              |       |     9 |    25 |    38 ||    72
Invok: Depart the Abyss  |     1 |       |       |       ||     1
       Banish            |       |       |       |     5 ||     5
       Bend Space        |       |       |       |     2 ||     2
  Use: Scroll            |     6 |       |    11 |    13 ||    30
       Potion            |     2 |       |     1 |     3 ||     6
 Stab: Confused          |       |       |     3 |       ||     3
Armor: Chain mail        |    74 |   104 |   355 |   293 ||   826
       Skin              |       |       |       |     3 ||     3
Dodge: Dodged            |    49 |    88 |   351 |   280 ||   768
Block: Kite shield       |       |       |       |   153 ||   153

Table legend: (Time is in decaauts)
 A = Elapsed time spent in this place.
 B = Non-inter-level travel time spent in this place.
 C = Inter-level travel time spent in this place.
 D = Time resting spent in this place.
 E = Time spent auto-exploring this place.
 F = Levels seen in this place.
 G = Mean time per level.
                   A        B        C        D        E       F      G
               +--------+--------+--------+--------+--------+-----+--------+
         Total |  15756 |  15374 |    382 |   3037 |   9425 |  13 | 1212.0 |
       Dungeon |  15666 |  15284 |    382 |   3037 |   9358 |  10 | 1566.6 |
         Abyss |     90 |     90 |      0 |      0 |     67 |   3 |   30.0 |
               +--------+--------+--------+--------+--------+-----+--------+

Top non-repeatable levels by time:
     D:9: 2620 daAuts
     D:7: 2373 daAuts
    D:10: 2134 daAuts
     D:6: 1796 daAuts
     D:3: 1605 daAuts
     D:4: 1373 daAuts
     D:8: 1231 daAuts
     D:2: 987 daAuts
     D:1: 926 daAuts
     D:5: 619 daAuts
 Abyss:1: 34 daAuts
 Abyss:2: 28 daAuts
 Abyss:3: 27 daAuts
